Map: Dusk Towers

Players

Vegatron - Winner!

  • Race: Protoss Protoss
  • League: Diamond

LilDicky

  • Race: Terran Terran
  • League: Diamond

VOD

http://www.twitch.tv/tumescentpie

Description

Time

  • Played on: Dec. 8, 2015, 11:01 p.m.
  • Length: 6:28
Show
View Real Time Build Order
Export as new Build Order

Vegatron Protoss - Winner!

Build Orders: Nexus First 

Get SALT Encoding   

  12  0:01  Probe (Chrono Boost)  
  13  0:12  Probe (Chrono Boost)  
  14  0:22  Pylon  
  14  0:23  Probe (Chrono Boost)  
  15  0:40  Probe (Chrono Boost)  
  16  0:51  Probe (Chrono Boost)  
  17  0:59  Nexus  
  17  1:02  Probe (Chrono Boost)  
  18  1:11  Gateway  
  18  1:14  Probe (Chrono Boost)  
  19  1:21  Assimilator  
  19  1:26  Assimilator  
  19  1:27  Probe (Chrono Boost)  
  20  1:35  Pylon  
  20  1:38  Probe (Chrono Boost)  
  21  1:48  Probe (Chrono Boost)  
  22  1:59  Probe (Chrono Boost)  
  22  2:01  Cybernetics Core  
  22  2:10  Probe (Chrono Boost)  
  22  2:11  Probe (Chrono Boost)  
  24  2:20  Probe (Chrono Boost)  
  24  2:22  Probe (Chrono Boost)  
  26  2:28  Warp Gate (Chrono Boost)  
  26  2:31  Probe (Chrono Boost)  
  26  2:33  Pylon  
  26  2:35  Probe (Chrono Boost)  
  28  2:39  Mothership Core (Chrono Boost), Adept  
  32  2:47  Probe  
  33  2:58  Probe  
  33  3:00  Probe, Robotics Facility  
  35  3:07  Adept (Chrono Boost)  
  35  3:10  Probe  
  35  3:12  Probe  
  39  3:23  Probe  
  39  3:24  Probe  
  41  3:34  Gateway  
  41  3:35  Probe  
  41  3:36  Gateway  
  42  3:43  Probe  
  42  3:47  Assimilator  
  43  3:51  Pylon  
  43  3:53  Observer (Chrono Boost)  
  44  3:56  Probe  
  44  4:01  Gateway  
  45  4:04  Pylon  
  45  4:06  Gateway  
  45  4:08  Pylon  
  45  4:12  Observer (Chrono Boost)  
  46  4:18  Probe  
  46  4:22  Gateway  
  46  4:23  Gateway  
  47  4:26  Pylon  
  47  4:35  Immortal (Chrono Boost)  
  51  4:44  Pylon  
  49  5:11  Robotics Bay  
  49  5:16  Observer (Chrono Boost)  
  48  5:22  Stalker x3  
  48  5:23  Assimilator  
  48  5:25  Stalker x2  
  58  5:36  Sentry  
  58  5:37  Sentry  
  62  5:46  Probe  
  63  5:54  Twilight Council  
  67  5:57  Zealot  
  67  5:59  Zealot x3  
  67  6:00  Stalker x2  
Show
View Real Time Build Order
Export as new Build Order

LilDicky Terran 

Build Orders: MMM Bio 

Get SALT Encoding   

  12  0:01  SCV  
  13  0:13  SCV  
  14  0:17  Supply Depot  
  14  0:26  SCV  
  15  0:37  Refinery  
  15  0:39  SCV  
  16  0:46  Barracks  
  16  1:03  SCV  
  17  1:15  SCV  
  18  1:27  SCV  
  19  1:33  Marine  
  19  1:34  Supply Depot  
  20  1:43  Factory  
  20  1:48  SCV  
  20  1:52  Marine  
  22  2:02  Barracks  
  22  2:03  Orbital Command  
  22  2:08  Barracks  
  22  2:13  Refinery  
  22  2:16  Barracks Reactor  
  22  2:34  Supply Depot, SCV  
  23  2:50  Widow Mine  
  25  2:55  Marine x2  
  25  2:56  Barracks Tech Lab x2  
  27  3:02  Supply Depot  
  27  3:11  SCV  
  28  3:15  Stimpack  
  28  3:18  Combat Shields  
  27  3:30  SCV, Marine  
  30  3:42  SCV  
  30  3:43  Marauder  
  30  3:44  Marauder  
  32  3:49  Starport, Marine  
  32  3:50  Marine  
  34  4:01  SCV  
  35  4:04  Marine  
  35  4:05  Marine  
  37  4:12  Marine  
  37  4:13  SCV  
  37  4:15  Marine  
  37  4:17  Widow Mine  
  40  4:23  Supply Depot, Marine, Marauder  
  45  4:29  Medivac  
  47  4:44  Marine x2  
  47  4:45  Marauder  
  44  5:06  Marine  
  45  5:12  Marine x2  
  45  5:13  Marauder  
  49  5:24  Marine  
  50  5:28  Concussive Shells  
  50  5:30  Medivac  
  50  5:31  Marauder  
  50  5:32  Marine  
  55  5:42  Marine  
  56  5:52  Marauder  
Tags
 
Add a new tag
Caveats
  • Supply blocks, unpowered buildings, or Contaminate may cause inaccurate times.
  • Supply counts are checked every 10 seconds.